 Dungeon Crawl Stone Soup version 0.28.0-43-g3370ac3207 (webtiles) character file.

Game seed: 9055063570554086635

36 terff the Covered (level 3, -2/33 HPs)
             Began as a Hill Orc Fighter on Apr 1, 2022.
             Slain by a gnoll
             ... wielding a +0 halberd
              (6 damage)
             ... on level 2 of the Dungeon.
             The game lasted 00:01:48 (736 turns).

terff the Covered (Hill Orc Fighter)                 Turns: 736, Time: 00:01:49

Health: -2/33      AC:  9    Str: 18    XL:     3   Next: 37%
Magic:  3/3        EV:  9    Int: 14    God:
Gold:   11         SH:  4    Dex: 12    Spells: 2/2 levels left

rFire   . . .      SeeInvis .   a - +0 war axe
rCold   . . .      Faith    .   c - +0 buckler
rNeg    . . .      Spirit   .   b - +0 scale mail
rPois   .          Reflect  .   e - +1 helmet
rElec   .          Harm     .   (no cloak)
rCorr   .          Rampage  .   (no gloves)
Will    .....                   (no boots)
Stlth   ..........              (no amulet)
HPRegen 0.11/turn               g - +6 ring of intelligence
MPRegen 0.08/turn               (no ring)

@: no status effects
A: no striking features
a: no special abilities


You were on level 2 of the Dungeon.
You visited 1 branch of the dungeon, and saw 2 of its levels.

You collected 39 gold pieces.
You spent 28 gold pieces at shops.

Inventory:

Hand Weapons
 a - a +0 war axe (weapon)
Armour
 b - a +0 scale mail (worn)
 c - a +0 buckler (worn)
 e - a +1 helmet (worn)
Jewellery
 g - a +6 ring of intelligence (left hand)
Wands
 i - a wand of flame (4)
Scrolls
 j - a scroll of immolation {unknown}
Potions
 d - a potion of might
 f - 2 potions of curing
 h - a potion of mutation {unknown}
 k - a potion of flight {unknown}


   Skills:
 + Level 3.8 Fighting
 + Level 3.2 Axes
 + Level 3.9 Armour
 + Level 3.7 Shields


You had 2 spell levels left.
You didn't know any spells.
Your spell library contained the following spells:

 Spells                   Type           Power      Damage    Failure   Level
 Shock                    Conj/Air       0%         1d3       75%         1
 Swiftness                Air            0%         N/A       98%         3
 Airstrike                Air            0%         N/A       100%        4


Dungeon Overview and Level Annotations

Branches:
Dungeon (2/15)

Altars:

Shops:
D:1 *?


Message History

Found a leather armour.
Found a robe.
Found a stone staircase leading down.
You now have 11 gold pieces (gained 8).
There is a stone staircase leading down here.
An adder comes into view.
Found an escape hatch in the floor.
A gnoll comes into view. It is wielding a +0 halberd.
Found a scroll of identify.
You closely miss the adder. You block the adder's attack.
The adder barely misses you.
You barely miss the adder. You block the adder's attack.
The gnoll closely misses you. The adder bites you but does no damage.
You miss the adder. You block the adder's attack. The gnoll barely misses you.
The adder barely misses you. The gnoll completely misses you.
You closely miss the adder. You block the adder's attack.
The gnoll hits you from afar with a +0 halberd.
The adder barely misses you.
You slash the adder!
You kill the adder!
The gnoll barely misses you.
The gnoll hits you from afar with a +0 halberd.
The gnoll hits you with a +0 halberd!
You hit the gnoll but do no damage. The gnoll hits you with a +0 halberd.
You slash the gnoll!
The gnoll is almost dead.
The gnoll barely misses you.
You barely miss the gnoll.
The gnoll is almost dead.
The gnoll hits you with a +0 halberd. The gnoll closely misses you.
You barely miss the gnoll.
The gnoll is almost dead.
You block the gnoll's attack.
You barely miss the gnoll.
The gnoll is almost dead.
The gnoll hits you with a +0 halberd!
* * * LOW HITPOINT WARNING * * *
You hit the gnoll but do no damage.
The gnoll is almost dead.
The gnoll hits you with a +0 halberd.
You die...

#.###..####
#.##..## .###
#.##..#### ....
#.##.....## ..#..#
#.#.......##
......##.......[..#
#..............#
##g.......[>.#
##@.##......##
#..###.......# #.##
#.......# ...
#.......# #..?
##.....## >..#.
##...## #....#
##### #.... #.# .


You could see a gnoll.

Vanquished Creatures
  An adder (D:2)
  A dart slug (D:2)
  An endoplasm (D:1)
  A giant cockroach (D:1)
  4 goblins
  2 hobgoblins (D:1)
  5 kobolds
  A ball python (D:2)
  5 bats (D:1)
  5 rats (D:1)
26 creatures vanquished.

Notes
Turn   | Place    | Note
-------+----------+-------------------------------------------
     0 | D:1      | terff the Hill Orc Fighter began the quest for the Orb.
     0 | D:1      | Reached XP level 1. HP: 19/19 MP: 1/1
   134 | D:1      | Found Vota's General Store.
   199 | D:1      | Found Riocsagh's Magic Scroll Shop.
   218 | D:1      | Reached XP level 2. HP: 27/27 MP: 2/2
   521 | D:1      | Found a faded altar of an unknown god.
   565 | D:1      | Bought a scroll of identify for 28 gold pieces
   619 | D:2      | Reached XP level 3. HP: 27/33 MP: 3/3
   736 | D:2      | Slain by a gnoll

Illustrated notes

Levels and vault maps discovered:
D:1:      minmay_arrival_four_circles, layout_basic, serial_shops,
          nicolae_shop_hallway_stairs, shop,
          hellmonk_ecumenical_altar_inner_sanctum
D:2:      layout_rooms, hex_tiny, uniq_crazy_yiuf_cottage, uniq_jessica,
          uniq_robin

Skill      XL: |  1  2 |
---------------+-------+-----
Axes           | 3 |  3.2
Fighting       | |  3.8
Armour         | |  3.9
Shields        | |  3.7

Action                   || total
-------------------------++-------
Melee: War axe           ||    64
  Use: Scroll            ||     1
Armor: Scale mail        ||    46
Dodge: Dodged            ||    52
Block: Buckler           ||    22
